 Dungeon Crawl Stone Soup version 0.17-a0-1655-g88a8506 (webtiles) character file.

3201 kae the Martial Artist (level 9, -12/64 HPs)
             Began as a Grey Draconian Transmuter on Aug 15, 2015.
             Was a Follower of Qazlal.
             Mangled by an elephant (16 damage)
             ... on level 8 of the Dungeon.
             The game lasted 00:10:23 (9389 turns).

kae the Martial Artist (Grey Draconian Transmuter)  Turns: 9389, Time: 00:10:23

Health: -12/64     AC: 13    Str: 12    XL:     9   Next: 65%
Magic:  7/12       EV: 12    Int: 15    God:    Qazlal [*.....]
Gold:   353        SH:  1    Dex: 14    Spells: 4 memorised, 1 level left

rFire  . . .     SeeInvis .       - Unarmed
rCold  . . .     Clarity  .     (armour unavailable)
rNeg   . . .     SustAt   .     (shield currently unavailable)
rPois  .         Gourm    .     (helmet restricted)
rElec  .         Spirit   .     (no cloak)
rCorr  .         Warding  .     (gloves currently unavailable)
rMut   .         Stasis   .     y - +0 pair of boots
MR     .....                    (no amulet)
Stlth  +.........               (no ring)
                                (no ring)

@: blade hands, not resistant to hostile enchantments, very unstealthy
A: walk through water, unfitting armour, unbreathing, cold-blooded, AC +12
a: End Transformation, Renounce Religion


You were on level 8 of the Dungeon.
You worshipped Qazlal.
Qazlal was aware of your devotion.
You were hungry.
You had blades for hands.
You visited 2 branches of the dungeon, and saw 9 of its levels.

You collected 353 gold pieces.

Inventory:

Missiles
 a - 84 arrows
 o - 16 poisoned arrows
Armour
 t - a +0 pair of gloves (melded)
 y - a +0 pair of boots (worn)
Jewellery
 p - a cursed -2 ring of strength {unknown}
Magical devices
 E - a wand of draining (2)
Scrolls
 d - a scroll of recharging {unknown}
 e - 2 scrolls of teleportation {unknown}
 g - 3 scrolls of blinking {unknown}
 h - 8 scrolls of identify {unknown}
 i - 2 scrolls of enchant armour {unknown}
 j - 9 scrolls of remove curse {unknown}
 k - a scroll of fear {unknown}
 n - 2 scrolls of random uselessness {unknown}
 u - a scroll of amnesia {unknown}
 w - 3 scrolls of enchant weapon {unknown}
 x - a scroll of noise {unknown}
 C - a scroll of immolation {unknown}
Potions
 f - a potion of agility
 m - a potion of haste {unknown}
 q - a potion of magic {unknown}
 s - a potion of might {unknown}
 v - a potion of cure mutation {unknown}
 z - 2 potions of heal wounds {unknown}
 A - a potion of cancellation {unknown}
Books
 b - a book of Changes

   Spells                             Type                      Level
   a - Beastly Appendage              Transmutation                1
   b - Sticks to Snakes               Transmutation                2
   c - Spider Form                    Transmutation/Poison         3
   d - Ice Form                       Ice/Transmutation            4
   e - Blade Hands                    Transmutation                5
 B - a book of Envenomations

   Spells                             Type                      Level
   a - Spider Form                    Transmutation/Poison         3
   b - Alistair's Intoxication        Transmutation/Poison         4
   c - Olgreb's Toxic Radiance        Poison                       4
   d - Poisonous Cloud                Conjuration/Poison/Air       6
Comestibles
 c - 4 bread rations
 l - 5 meat rations
 r - a royal jelly
 D - 3 chunks of flesh


   Skills:
 - Level 1.1 Fighting
 - Level 1.7 Dodging
 - Level 11.0 Unarmed Combat
 - Level 2.0 Spellcasting
 + Level 8.8 Transmutations


You had one spell level left.
You knew the following spells:

 Your Spells              Type           Power        Failure   Level  Hunger
a - Beastly Appendage     Trmt           ####..       14%         1    #......
b - Sticks to Snakes      Trmt           ####......   14%         2    ###....
c - Spider Form           Trmt/Pois      ##........   54%         3    ###....
d - Blade Hands           Trmt           ####......   63%         5    ######.


Dungeon Overview and Level Annotations

Branches:
Dungeon (8/15)             Temple (1/1) D:6            Lair (0/8) D:8

Altars:
Ashenzari
Cheibriados
Dithmenos
Elyvilon
Fedhas
Gozag
Kikubaaqudgha
Makhleb
Nemelex Xobeh
Okawaru
Qazlal
Ru
Sif Muna
Trog
Vehumet
Xom
Yredelemnul
Zin
The Shining One


Innate Abilities, Weirdness & Mutations

You can walk through water.
Your dull iron-grey scales are very hard (AC +12).
Your body does not fit into most forms of armour.
You can survive without breathing.
You are cold-blooded and may be slowed by cold attacks.


Message History

The elephant is heavily wounded.
You slice the elephant!!
The elephant is severely wounded.
The elephant tramples you but does no damage.
The elephant closely misses you.
You hit the elephant but do no damage.
You tail-slap the elephant, but do no damage.
The elephant is severely wounded.
The elephant tramples you!
* * * LOW HITPOINT WARNING * * *
You stumble backwards!
You hit the elephant.
The elephant is severely wounded.
The elephant tramples you!
* * * LOW HITPOINT WARNING * * *
You stumble backwards!
You slash the elephant! You tail-slap the elephant.
The elephant is almost dead.
The elephant tramples you!
You die...

##... #... #... ##..#
...).. #####...#
...... ##.......
##...... #.......#
#......#
#......@###......
#######...Y.#.....#
###.## ##......#
###.....## #......##
#........####...#Y.#
......##..##....##.###
#.≈≈≈≈)≈≈≈≈≈≈≈≈))# .
#.≈###)......###≈# ..
#.≈# ######### #≈##
...


You could see an elephant and a sheep.

Vanquished Creatures
  Pikel (D:5)
  A spriggan (D:7)
  3 orc warriors
  2 slaves (D:5)
  3 sky beasts
  2 water moccasins (D:6)
  An ogre (D:7)
  A wasp (D:7)
  2 centaurs
  A crocodile (D:8)
  A giant frog (D:6)
  3 scorpions
  4 wights
  3 killer bees (D:7)
  2 crimson imps
  A jelly (D:7)
  4 orc wizards
  2 giant frog zombies
  A hound (D:7)
  An iguana (D:6)
  5 worker ants
  2 centaur skeletons
  A giant frog skeleton (D:7)
  A killer bee zombie (D:6)
  A hound zombie (D:7)
  2 worker ant zombies (D:6)
  11 adders
  6 gnolls
  A shadow imp (D:7)
  2 giant geckos
  22 orcs
  4 bats
  3 giant cockroaches
  8 goblins
  10 hobgoblins
  10 jackals
  7 kobolds
  2 quokkas
  2 giant newts
  A jackal skeleton (D:4)
  8 rats
148 creatures vanquished.

Vanquished Creatures (collateral kills)
  An orc warrior (D:7)
1 creature vanquished.

Vanquished Creatures (others)
  2 slaves (D:5)
  A worker ant (D:5)
3 creatures vanquished.

Grand Total: 152 creatures vanquished

Notes
Turn   | Place    | Note
--------------------------------------------------------------
     0 | D:1      | kae the Draconian Transmuter began the quest for the Orb.
     0 | D:1      | Reached XP level 1. HP: 16/16 MP: 3/3
   470 | D:1      | Reached XP level 2. HP: 12/23 MP: 3/5
  1401 | D:2      | Reached XP level 3. HP: 12/28 MP: 6/6
  1771 | D:2      | Reached skill level 4 in Unarmed Combat
  2548 | D:2      | Reached XP level 4. HP: 11/35 MP: 7/7
  2750 | D:2      | Learned a level 2 spell: Sticks to Snakes
  2754 | D:2      | Learned a level 3 spell: Spider Form
  3261 | D:3      | Found a glowing silver altar of Zin.
  3332 | D:3      | Reached XP level 5. HP: 35/40 MP: 6/8
  3677 | D:4      | Reached skill level 5 in Unarmed Combat
  4405 | D:4      | Reached XP level 6. HP: 37/47 MP: 7/9
  4440 | D:4      | Reached skill level 6 in Unarmed Combat
  5132 | D:5      | Entered Level 5 of the Dungeon
  5187 | D:5      | Noticed Pikel
  5205 | D:5      | Killed Pikel
  5205 | D:5      | Reached skill level 7 in Unarmed Combat
  5205 | D:5      | Reached skill level 5 in Transmutations
  5205 | D:5      | Your scales start taking on a dull iron-grey colour.
  5205 | D:5      | Gained mutation: You can survive without breathing. [Grey Draconian growth]
  5205 | D:5      | Reached XP level 7. HP: 29/52 MP: 7/10
  5262 | D:5      | Reached skill level 8 in Unarmed Combat
  5325 | D:5      | Reached XP level 8. HP: 49/59 MP: 7/11
  6041 | D:6      | Reached skill level 9 in Unarmed Combat
  6154 | D:6      | Found a staircase to the Ecumenical Temple.
  6685 | Temple   | Entered the Ecumenical Temple
  6785 | Temple   | Became a worshipper of Qazlal Stormbringer
  7482 | D:6      | Reached skill level 10 in Unarmed Combat
  7574 | D:7      | Reached XP level 9. HP: 59/64 MP: 12/12
  8595 | D:7      | Acquired Qazlal's first power
  8682 | D:7      | HP: 3/64 [orc warrior/glaive (20)]
  8724 | D:6      | Reached skill level 11 in Unarmed Combat
  8731 | D:6      | Learned a level 5 spell: Blade Hands
  9369 | D:8      | Found a staircase to the Lair.
  9369 | D:8      | Noticed an elephant
  9389 | D:8      | Mangled by an elephant

Vault maps used:
D:1:      dpeg_arrival_renting
D:3:      nicolae_overflow_hidden_temple, first_bread
D:5:      uniq_pikel
D:6:      minmay_temple_entry_statues_fountains, minmay_door_square
D:7:      the_bakery
D:8:      david_lair_generic, lightli_bailey_entry_fortress,
          minmay_misc_feat_more_columns, nrook_mini_backslash
Temple:   kilobyte_greek_temple_18

Action                   |  1- 3 |  4- 6 |  7- 9 || total
-------------------------+-------+-------+-------++-------
Melee: Unarmed           |   144 |   181 |   377 ||   702
 Cast: Beastly Appendage |    11 |    12 |    21 ||    44
       Spider Form       |       |     1 |     2 ||     3
       Sticks to Snakes  |       |       |     4 ||     4
       Blade Hands       |       |       |     1 ||     1
Evoke: Wand              |       |       |     1 ||     1
  Use: Potion            |       |     3 |     1 ||     4
 Stab: Sleeping          |       |     1 |     1 ||     2
  Eat: Chunk             |     4 |     4 |     6 ||    14
       Beef jerky        |       |     1 |       ||     1
       Bread ration      |       |     1 |     2 ||     3
